 Dungeon Crawl Stone Soup version 0.24.0-13-gcf9b319 (webtiles) character file.

Game seed: 499015750393628093, levelgen mode: deterministic

575 unrecovered the Shield-Bearer (level 7, -2/56 HPs)
             Began as a Formicid Fighter on Apr 3, 2020.
             Slain by Menkaure (19 damage)
             ... on level 5 of the Dungeon.
             The game lasted 00:08:54 (3108 turns).

unrecovered the Shield-Bearer (Formicid Fighter)    Turns: 3108, Time: 00:08:55

Health: -2/56      AC:  6    Str: 24    XL:     7   Next: 61%
Magic:  7/7        EV: 10    Int:  7    God:
Gold:   237        SH: 10    Dex: 12    Spells: 6/6 levels left

rFire    + . .     SeeInvis +   a - +0 quarterstaff
rCold    . . .     Gourm    .   c - +0 shield
rNeg     . . .     Faith    .   w - +2 leather armour {rF+}
rPois    +         Spirit   .   (helmet unavailable)
rElec    .         Reflect  .   p - +0 cloak
rCorr    .         Harm     .   (no gloves)
MR       .....                  (no boots)
Stlth    +.........             (no amulet)
HPRegen  0.18/turn              i - +3 ring of strength
MPRegen  0.10/turn              h - ring of poison resistance

@: no status effects
A: permanent stasis, dig shafts and tunnels, four strong arms, antennae 3
a: Dig, Shaft Self


You were on level 5 of the Dungeon.
You were not hungry.

You visited 1 branch of the dungeon, and saw 5 of its levels.

You collected 237 gold pieces.

Inventory:

Hand Weapons
 a - a +0 quarterstaff (weapon)
Armour
 c - a +0 shield (worn)
 p - a +0 cloak (worn)
 w - a +2 leather armour of fire resistance (worn)
Jewellery
 h - a ring of poison resistance (right hand)
 i - a +3 ring of strength (left hand)
 v - an uncursed ring of resist corrosion {unknown}
Wands
 d - a wand of digging (3)
Scrolls
 e - a scroll of enchant weapon {unknown}
 j - 2 scrolls of remove curse
 l - a scroll of identify
 m - a scroll of random uselessness {unknown}
 n - 4 scrolls of magic mapping
 t - a scroll of amnesia {unknown}
 u - a scroll of enchant armour {unknown}
Potions
 g - 2 potions of brilliance
 k - a potion of haste
 o - 3 potions of curing {unknown}
 q - a potion of mutation {unknown}
 r - 2 potions of heal wounds {unknown}
 s - a potion of lignification {unknown}
Comestibles
 b - 5 chunks of flesh
 f - 10 rations


   Skills:
 + Level 5.3 Fighting
 + Level 4.2 Staves
 + Level 5.2 Armour
 + Level 5.8 Shields


You had 6 spell levels left.
You didn't know any spells.
Your spell library was empty.

Dungeon Overview and Level Annotations

Branches:
Dungeon (5/15)
 Temple: D:4-7

Altars:
Fedhas
Gozag
Kikubaaqudgha
Makhleb
Nemelex Xobeh
Zin

Annotations:
D:5 Menkaure


Innate Abilities, Weirdness & Mutations

You cannot be hasted, slowed, berserked, paralysed or teleported.
You can dig through walls and to a lower floor.
Your four strong arms can wield two-handed weapons with a shield.
You have a pair of large antennae on your head. (SInv)


Message History

You feel a little less mighty now.
Eating one of 6 chunks of flesh.
You eat one of the 6 chunks of flesh.
This raw flesh tastes terrible.
HP restored.
v - an agate ring
Found an escape hatch in the floor.
There is an escape hatch in the floor here.
o - 3 fizzy dark potions (gained 1)
Found a hunting sling.
Menkaure, Prince of Dust comes into view.
Menkaure shouts!
Menkaure calls on the powers of darkness!
Your body is wracked with pain!
Menkaure giggles, "These cerements are ticklish..."
Menkaure calls on the powers of darkness!
Your body is wracked with pain!
* * * LOW HITPOINT WARNING * * *
You are too injured to fight recklessly!
Menkaure hits you!!
You die...

....... .......
#######.......
#.............
#...........
#.........
#.....M.#####.
#.....@.#.....
#...........# ..
#...........# ...
#...........#....
#...........#....
######..........
##.......###
#..........#
#####.....)#


You could see Menkaure.

Vanquished Creatures
  Eustachio (D:5)
  A phantom (D:4)
  Blork the orc (D:5)
  A hound (D:4)
  An orc wizard (D:4)
  An iguana (D:4)
  A worker ant (D:4)
  A hound skeleton (D:4)
  7 adders
  2 oozes
  A worm (D:3)
  3 dart slugs
  5 leopard geckos
  3 orcs
  3 ball pythons
  5 giant cockroaches
  2 goblins
  10 hobgoblins
  9 jackals
  3 quokkas
  6 bats
  13 frilled lizards
  10 kobolds
  A leopard gecko zombie (D:5)
  3 rats
94 creatures vanquished.

Notes
Turn   | Place    | Note
-------+----------+-------------------------------------------
     0 | D:1      | unrecovered the Formicid Fighter began the quest for the
                  | Orb.
     0 | D:1      | Reached XP level 1. HP: 18/18 MP: 1/1
    78 | D:1      | Reached XP level 2. HP: 15/24 MP: 2/2
   443 | D:1      | Reached XP level 3. HP: 21/29 MP: 3/3
  1019 | D:1      | Reached XP level 4. HP: 32/37 MP: 4/4
  1325 | D:2      | Found an ancient bone altar of Kikubaaqudgha.
  1325 | D:2      | Found a burning altar of Makhleb.
  1467 | D:2      | Found a sparkling altar of Nemelex Xobeh.
  1467 | D:2      | Found an opulent altar of Gozag.
  1576 | D:3      | Reached XP level 5. HP: 39/42 MP: 5/5
  1775 | D:3      | Found a glowing silver altar of Zin.
  1861 | D:3      | Found a blossoming altar of Fedhas.
  2234 | D:4      | Reached XP level 6. HP: 38/49 MP: 6/6
  2251 | D:4      | Reached skill level 5 in Shields
  2707 | D:4      | Noticed a phantom
  2727 | D:4      | Killed a phantom
  2727 | D:4      | Reached XP level 7. HP: 52/55 MP: 7/7
  2896 | D:5      | Entered Level 5 of the Dungeon
  2897 | D:5      | Noticed Blork the orc
  2909 | D:5      | Killed Blork the orc
  2909 | D:5      | Reached skill level 5 in Fighting
  2909 | D:5      | Reached skill level 5 in Armour
  2954 | D:5      | Noticed Eustachio
  2964 | D:5      | Killed Eustachio
  3103 | D:5      | Noticed Menkaure
  3108 | D:5      | Slain by Menkaure

Levels and vault maps discovered:
D:1:      shiori_shiawase, layout_basic, minmay_lizard_king
D:2:      layout_rooms, gammafunk_temple_overflow_elements,
          grunt_temple_overflow_opulence
D:3:      layout_loops_ring, overflow_temple_1_default, lemuel_crystal_altar,
          chequers_mini_garden
D:4:      layout_rooms, first_ration
D:5:      lemuel_ratsnest, layout_basic, uniq_menkaure, uniq_eustachio,
          uniq_blork_the_orc

Skill      XL: |  1  2  3  4  5  6  7 |
---------------+----------------------+-----
Shields        | 4 5 |  5.8
Fighting       | 4 5 |  5.3
Armour         | 4 5 |  5.2
Staves         | 3 4 |  4.2

Action                   |  1- 3 |  4- 6 |  7- 9 || total
-------------------------+-------+-------+-------++-------
Melee: Quarterstaff      |   128 |   217 |    28 ||   373
  Use: Scroll            |       |     6 |       ||     6
       Potion            |       |       |     1 ||     1
  Eat: Chunk             |       |     6 |     2 ||     8
Armor: Scale mail        |    49 |    84 |       ||   133
       Leather armour    |       |     7 |     7 ||    14
Dodge: Dodged            |    42 |    91 |    11 ||   144
Block: Shield            |    46 |   144 |    17 ||   207
